 Dungeon Crawl Stone Soup version 0.32-a0-418-g34023cf50c (webtiles) character file.

Game seed: 16341674820975440380

758 Asfel the Chopper (level 7, -3/54 HPs)
             Began as a Demonspawn Berserker on Feb 21, 2024.
             Was a Believer of Trog.
             Succumbed to an orc priest's poison
             ... on level 5 of the Dungeon.
             The game lasted 00:10:26 (3491 turns).

Asfel the Chopper (Demonspawn Berserker)            Turns: 3491, Time: 00:10:26

Health: -3/54      AC:  9    Str: 20    XL:     7   Next: 50%
Magic:  7/7        EV: 11    Int:  7    God:    Trog [**....]
Gold:   121        SH:  0    Dex: 12    Spells: 6/6 levels left

rFire   . . .        a - +0 hand axe
rCold   . . .        (no shield)
rNeg    . . .        d - +0 ring mail
rPois   .            o - +0 helmet
rElec   .            (no cloak)
rCorr   .            (no gloves)
SInv    .            k - +1 pair of boots
Will    ++...        e - amulet of the acrobat
Stlth   +            i - ring of wizardry
HPRegen 1.29/turn    (no ring)
MPRegen 0.10/turn

%: acrobat, wizardry (x1)
@: lethally poisoned (-3 -> -14), strong-willed, on berserk cooldown,
regenerating, slowed, wreathed by umbra, very slow
A: demonic touch 2, foul shadow 1
a: Renounce Religion, Berserk, Trog's Hand


You were on level 5 of the Dungeon.
You worshipped Trog.
Trog was pleased with you.
You visited 1 branch of the dungeon, and saw 5 of its levels.

You collected 121 gold pieces.

Inventory:

Hand Weapons
 a - a +0 hand axe (weapon)
Armour
 b - a +0 animal skin
 d - a +0 ring mail (worn)
 k - a +1 pair of boots (worn)
 o - a +0 helmet (worn)
Jewellery
 e - an amulet of the acrobat (around neck)
 i - a ring of wizardry (left hand)
Scrolls
 f - 2 scrolls of amnesia
 l - a scroll of poison
 m - a scroll of fog
 u - a scroll of vulnerability
Potions
 c - a potion of haste
 g - a potion of magic {unknown}
 h - a potion of might
 j - a potion of curing {unknown}
 n - a potion of resistance {unknown}
 p - a potion of enlightenment {unknown}
 q - 2 potions of degeneration {unknown}
 t - a potion of heal wounds {unknown}


   Skills:
 + Level 4.3 Fighting
 + Level 5.6 Axes
 + Level 3.6 Armour
 + Level 3.0 Dodging
 * Level 2.8 Stealth


You had 6 spell levels left.
You didn't know any spells.
Your spell library contained the following spells:

 Spells                   Type           Power      Damage    Failure   Level
 Apportation              Tloc           0%         N/A       28%         1
 Jinxbite                 Hex            0%         N/A       41%         2
 Alistair's Intoxication  Alch           0%         N/A       100%        5


Dungeon Overview and Level Annotations

Branches:
Dungeon (5/15)             Temple (0/1) D:5

Altars:
Ashenzari
Ru
Trog
Vehumet

Shops:
D:4 :


Innate Abilities, Weirdness & Mutations

Your touch may inflict irresistible damage on your foes.
You are faintly shadowed, very rarely releasing foul flame when damaged in melee.


Message History

The orc priest hits you but does no damage.
You are poisoned.
You barely miss the orc priest.
You feel very sick.
The orc priest hits you with a +1 whip of venom.
You are more poisoned.
The orc priest barely misses you.
You hit the orc priest.
The orc priest is lightly wounded.
You feel very sick. The orc priest closely misses you.
You barely miss the orc priest. Your touch misses the orc priest.
The orc priest is lightly wounded.
You feel very sick.
The orc priest mumbles some strange prayers to Beogh against you.
Beogh smites you!
* * * LOW HITPOINT WARNING * * *
The orc priest closely misses you.
Your skin crawls.
You feel strong-willed.
You feel your willpower return.
You feel very sick.
The orc priest calls down the wrath of Beogh upon you.
Beogh smites you!
* * * LOW HITPOINT WARNING * * *
The orc priest closely misses you.
You hit the orc priest.
You touch the orc priest!
The orc priest is heavily wounded.
You feel sick. The orc priest closely misses you.
You hit the orc priest but do no damage.
The orc priest is heavily wounded.
You feel sick.
The hound stops to sniff the ground.
The orc priest hits you but does no damage.
You are lethally poisoned!
The orc priest hits you but does no damage.
You are more poisoned.
Okay, then.
You hit the orc priest but do no damage.
The orc priest is heavily wounded.
You die...

*,* *,*,,,,,,, *,*
***,**,,**,, *,*
**,,,***,**,,
#<##########..#,,,,,,,,,
#.#########...s,,,*,***,
#.#########.ß.ß,ß,,,,**,
#.#########.⌠.⌠,⌠,,,,**,
#.#########....,,,,,,**,
##.#####@ohS...>,,,,,,,,,
#..#####)#####..,,,,,,,,,
##.######.#######,,,,,,,,,
**
##...#####.#######*,,,,,,,,
,*
##.....####.#######***,,,***
,* #.......†.........# *,,,*
,* ##..)..####.#####S# ***,*
,* ##.).#####.#####.#* *,*
,* ##..........?....*****,*


You could see a hound, an orc priest and an adder.

Vanquished Creatures
  Grinder (D:4)
  A black bear (D:5)
  An ogre (D:5)
  2 orc priests (D:5)
  Jessica (D:3)
  3 iguanas
  6 adders
  3 dart slugs (D:2)
  5 ribbon worms
  4 orcs
  7 endoplasms
  5 giant cockroaches
  9 hobgoblins
  3 jackals
  5 quokkas
  6 ball pythons
  4 bats
  3 frilled lizards
  3 goblins
  6 kobolds
  6 rats
84 creatures vanquished.

Notes
Turn   | Place    | Note
-------+----------+-------------------------------------------
     0 | D:1      | Asfel the Demonspawn Berserker began the quest for the Orb.
     0 | D:1      | Reached XP level 1. HP: 18/18 MP: 1/1
   151 | D:1      | Reached skill level 3 in Axes
   151 | D:1      | Gained mutation: You are faintly shadowed, very rarely
                  | releasing foul flame when damaged in melee. [demonic
                  | ancestry]
   151 | D:1      | Reached XP level 2. HP: 24/24 MP: 2/2
   529 | D:1      | Reached XP level 3. HP: 29/29 MP: 3/3
   583 | D:1      | You fall into a shaft and drop 1 floor!
   639 | D:2      | Reached ** piety under Trog
   664 | D:2      | Found a radiant altar of Vehumet.
   898 | D:2      | Gained mutation: Your touch may inflict minor irresistible
                  | damage on your foes. [demonic ancestry]
   898 | D:2      | Reached XP level 4. HP: 5/35 MP: 4/4
  1702 | D:3      | Noticed Jessica
  1709 | D:3      | Killed Jessica
  1710 | D:3      | Reached skill level 4 in Axes
  1710 | D:3      | Reached XP level 5. HP: 41/42 MP: 5/5
  2316 | D:4      | Reached skill level 1 in Stealth
  2733 | D:4      | Reached *** piety under Trog
  2753 | D:4      | Found a glowing drain.
  2955 | D:4      | Found Cutaat's Book Emporium.
  2976 | D:4      | Noticed Grinder
  2994 | D:4      | Killed Grinder
  2995 | D:4      | Reached skill level 5 in Axes
  2995 | D:4      | Reached XP level 6. HP: 48/48 MP: 6/6
  3033 | D:4      | Found a sacrificial altar of Ru.
  3033 | D:4      | Found a faded altar of an unknown god.
  3041 | D:4      | Found a radiant altar of Vehumet.
  3043 | D:4      | Found a bloodstained altar of Trog.
  3045 | D:4      | Found a broken altar of Ashenzari.
  3368 | D:5      | Entered Level 5 of the Dungeon
  3378 | D:5      | Gained mutation: Your touch may inflict irresistible damage
                  | on your foes. [demonic ancestry]
  3378 | D:5      | Reached XP level 7. HP: 54/54 MP: 7/7
  3451 | D:5      | Found a staircase to the Ecumenical Temple.
  3488 | D:5      | HP: 2/54 [orc priest/divine providence (10)]
  3491 | D:5      | Succumbed to an orc priest's poison

Illustrated notes

Levels and vault maps discovered:
D:1:      hellmonk_arrival_library, layout_rooms, hangedman_feature_mirror
D:2:      layout_basic, basic_altar, kennysheep_donut
D:3:      minmay_spotlight, layout_basic, lemuel_doored_altar, uniq_jessica
D:4:      layout_loops_corners, chequers_temple_overflow_minitemple,
          serial_shops, nicolae_take_the_stairs, cheibrodos_sewer_entry_drain,
          minmay_misc_feat_more_columns, minmay_distorted, uniq_grinder
D:5:      layout_loops_ring, minmay_temple_entry_drinking_statues, uniq_duvessa

Skill      XL: |  1  2  3  4  5  6  7 |
---------------+----------------------+-----
Axes           | 3 4 5 |  5.6
Armour         | 2 3 |  3.6
Dodging        | 2 3 |  3.0
Stealth        | 2 |  2.8
Fighting       | 4 |  4.3

Action                     |  1- 3 |  4- 6 |  7- 9 || total
---------------------------+-------+-------+-------++-------
  Melee: Hand axe          |   109 |   134 |    40 ||   283
         Touch             |       |    25 |     5 ||    30
 Invoke: Trog's Hand       |     1 |     2 |     2 ||     5
         Berserk           |     1 |     2 |     1 ||     4
    Use: Scroll            |       |     6 |     4 ||    10
 Armour: Animal skin       |     8 |       |       ||     8
         Ring mail         |    61 |    65 |    33 ||   159
  Dodge: Dodged            |   108 |   118 |    37 ||   263

Table legend: (Time is in decaauts)
 A = Elapsed time spent in this place.
 B = Non-inter-level travel time spent in this place.
 C = Inter-level travel time spent in this place.
 D = Time resting spent in this place.
 E = Time spent auto-exploring this place.
 F = Levels seen in this place.
 G = Mean time per level.
                   A        B        C        D        E       F      G
               +--------+--------+--------+--------+--------+-----+--------+
         Total |   3534 |   3257 |    277 |      0 |   2489 |   5 |  706.8 |
       Dungeon |   3534 |   3257 |    277 |      0 |   2489 |   5 |  706.8 |
               +--------+--------+--------+--------+--------+-----+--------+

Top non-repeatable levels by time:
     D:4: 1087 daAuts
     D:2: 1019 daAuts
     D:3: 710 daAuts
     D:1: 589 daAuts
     D:5: 126 daAuts
